 Seeded DCSS version 0.29-a0-356-g7bc237e783 (webtiles) character file.

Game seed: 561048176813763770 (custom seed)

161 klau3 the Skirmisher (level 5, 0/57 HPs)
             Began as an Ogre Berserker on Apr 21, 2022.
             Was a Believer of Trog.
             Slain by a gnoll
             ... wielding a +0 whip
              (4 damage)
             ... on level 3 of the Dungeon on Apr 26, 2022.
             The game lasted 00:20:59 (3211 turns).

klau3 the Skirmisher (Ogre Berserker)               Turns: 3211, Time: 00:21:00

Health: 0/57       AC:  5    Str: 25    XL:     5   Next: 42%
Magic:  4/4        EV: 10    Int:  8    God:    Trog [**....]
Gold:   240        SH:  0    Dex:  8    Spells: 4/4 levels left

rFire   . . .      SeeInvis .   q - +4 club
rCold   . . .      Faith    .   (no shield)
rNeg    . . .      Spirit   .   b - +0 animal skin
rPois   .          Reflect  .   (helmet restricted)
rElec   .          Harm     .   (no cloak)
rCorr   .          Rampage  .   (gloves unavailable)
Will    .....                   (boots unavailable)
Stlth   +.........              (no amulet)
HPRegen 0.19/turn               (no ring)
MPRegen 0.09/turn               (no ring)

@: no status effects
A: large, unfitting armour, tough skin 1, iridescent scales 1, low MP 1, strong
1
a: Renounce Religion, Berserk, Trog's Hand


You were on level 3 of the Dungeon.
You worshipped Trog.
Trog was pleased with you.
You visited 1 branch of the dungeon, and saw 4 of its levels.

You collected 240 gold pieces.

Inventory:

Hand Weapons
 a - a +0 spear
 g - a +0 short sword
 q - a +4 club (weapon)
Missiles
 e - 138 stones
 h - 4 boomerangs
 j - 3 large rocks (quivered)
Armour
 b - a +0 animal skin (worn)
 r - a +0 barding
Wands
 k - a wand of digging (7)
Scrolls
 d - 3 scrolls of blinking
 l - a scroll of immolation
 m - 2 scrolls of fear
Potions
 f - a potion of flight
 n - a potion of degeneration {unknown}
 o - a potion of berserk rage
 p - a potion of curing
 s - 2 potions of haste


   Skills:
 + Level 5.2 Fighting
 + Level 1.0 Maces & Flails
 + Level 4.1 Polearms
 + Level 1.0 Throwing
 + Level 3.5 Dodging
 + Level 0.1 Stealth


You had 4 spell levels left.
You didn't know any spells.
Your spell library was empty.

Dungeon Overview and Level Annotations

Branches:
Dungeon (4/15)
 Temple: D:4-7

Altars:
Qazlal


Innate Abilities, Weirdness & Mutations

You are too large for most types of armour.
You have tough skin. (AC +1)
You are partially covered in iridescent scales. (AC +2)
Your magical capacity is low. (-10% MP)
Your muscles are strong. (Str +2)


Message History

You hit the gnoll.
The gnoll is heavily wounded.
The gnoll hits you with a +0 whip. x2
You completely miss the gnoll.
The gnoll is heavily wounded.
The gnoll hits you with a +0 whip.
You hit the gnoll.
The gnoll is almost dead.
The gnoll barely misses you.
You hit the gnoll but do no damage.
The gnoll is almost dead.
The gnoll hits you but does no damage. The gnoll hits you with a +0 whip!
You closely miss the gnoll.
The gnoll is almost dead.
The gnoll misses you.
You hit the gnoll.
You kill the gnoll!
Trog accepts your kill.
Your Throwing skill increases to level 1!
You now have 240 gold pieces (gained 11).
Things that are here:
a +0 whip; a gnoll corpse
There is a stone staircase leading down here.
You climb downwards.
The gnoll completely misses you.
The gnoll hits you from afar with a +0 halberd!
There is a stone staircase leading up here.
You hit the gnoll.
The gnoll is heavily wounded.
The gnoll barely misses you.
The gnoll hits you from afar with a +0 halberd!
* * * LOW HITPOINT WARNING * * *
The gnoll hits you with a +0 whip.
* * * LOW HITPOINT WARNING * * *
The gnoll hits you from afar with a +0 halberd!
* * * LOW HITPOINT WARNING * * *
You climb upwards.
There is a stone staircase leading down here.
The gnoll barely misses you. The gnoll attacks as you move away!
The gnoll hits you with a +0 whip.
You die...

######### #........ #####
#........ #...#
############........
#...###...................
#.....#.).....####.......[
#...#.#>g@.......'........
###...#.#.#####.####........
#...#.#.#.#####.# #........
#.#.#.#.......#.# #........
#.#......###.##.# ####..###
#.#.####.# #.##.# ##.##
#.#..#...# #.##.# ###..##
#.##.#.#####.##.# #......
#.##.#..........# #......


You could see a gnoll.

Vanquished Creatures
  Jessica (D:3)
  A gnoll (D:3)
  7 adders
  A worm (D:4)
  7 orcs
  3 endoplasms
  A giant cockroach (D:1)
  4 goblins
  6 hobgoblins
  4 jackals (D:4)
  3 quokkas
  6 ball pythons
  4 bats
  2 frilled lizards
  A kobold (D:2)
  A rat (D:1)
52 creatures vanquished.

Notes
Turn   | Place    | Note
-------+----------+-------------------------------------------
     0 | D:1      | klau3 the Ogre Berserker began the quest for the Orb.
     0 | D:1      | Reached XP level 1. HP: 24/24 MP: 1/1
    96 | D:2      | Reached XP level 2. HP: 28/32 MP: 2/2
   192 | D:2      | Found a stormy altar of Qazlal.
   431 | D:2      | Upgraded the game from 0.29-a0-344-ge2f44be95a to
                  | 0.29-a0-356-g7bc237e783
   612 | D:3      | Reached XP level 3. HP: 40/40 MP: 3/3
   672 | D:3      | Noticed Jessica
   673 | D:3      | Killed Jessica
   673 | D:3      | Reached ** piety under Trog
   674 | D:3      | Reached XP level 4. HP: 40/49 MP: 4/4
  1698 | D:4      | Reached XP level 5. HP: 46/55 MP: 5/5
  1744 | D:4      | Reached skill level 5 in Fighting
  1841 | D:4      | Reached skill level 1 in Maces & Flails
  2434 | D:4      | Noticed a kobold brigand
  2673 | D:3      | Gained mutation: You are partially covered in iridescent
                  | scales. (AC +2) [potion of mutation]
  2673 | D:3      | Gained mutation: Your muscles are strong. (Str +2) [potion
                  | of mutation]
  2673 | D:3      | Gained mutation: Your magical capacity is low. (-10% MP)
                  | [potion of mutation]
  3196 | D:3      | Reached skill level 1 in Throwing
  3211 | D:3      | Slain by a gnoll

Illustrated notes

Levels and vault maps discovered:
D:1:      lemuel_arrival_broad_hall, layout_basic
D:2:      layout_rooms, dreamdust_ecumenical_altar_sealed_demon, basic_altar
D:3:      layout_basic, minmay_joined_circles, uniq_jessica
D:4:      layout_basic, hangedman_abyss_or_decor_stagger

Skill      XL: |  1  2  3  4  5 |
---------------+----------------+-----
Dodging        | 3 |  3.5
Polearms       | 4 |  4.1
Fighting       | 5 |  5.2
Maces & Flails | 1 |  1.0
Throwing       | 1 |  1.0
Stealth        | |  0.1

Action                   |  1- 3 |  4- 6 || total
-------------------------+-------+-------++-------
Melee: Spear             |    51 |       ||    51
       Club              |       |    98 ||    98
       Punch             |       |     1 ||     1
Throw: Stone             |    15 |       ||    15
       Large rock        |     3 |    17 ||    20
  Use: Scroll            |       |    13 ||    13
       Potion            |       |     2 ||     2
Armor: Animal skin       |    21 |    25 ||    46
Dodge: Dodged            |    33 |    68 ||   101

Table legend: (Time is in decaauts)
 A = Elapsed time spent in this place.
 B = Non-inter-level travel time spent in this place.
 C = Inter-level travel time spent in this place.
 D = Time resting spent in this place.
 E = Time spent auto-exploring this place.
 F = Levels seen in this place.
 G = Mean time per level.
                   A        B        C        D        E       F      G
               +--------+--------+--------+--------+--------+-----+--------+
         Total |   3246 |    541 |   2705 |      0 |      0 |   4 |  811.5 |
       Dungeon |   3246 |    541 |   2705 |      0 |      0 |   4 |  811.5 |
               +--------+--------+--------+--------+--------+-----+--------+

Top non-repeatable levels by time:
     D:3: 1548 daAuts
     D:4: 1144 daAuts
     D:2: 482 daAuts
     D:1: 71 daAuts
